AoeStats
← Horny

Arabia

509895335Analyzed
1v1 RM · 4d ago on Sep 28, 2026· 32m 54s· 2 players
Game mode
Random Map
Map size
Tiny (2 player)
Population
200
Speed
Normal
Resources
Standard
Victory
Conquest
Starting age
Dark Age
Ending age
Imperial Age
RankedLock teamsTeams togetherTeam positionsShared explorationLock speedFull tech treeHidden civsTurbo modeCheats
Victory
Defeat
🇸🇮 Mongols · Slovenia
1173
+15
🇦🇷 Varangians · Argentina
1152
-15
josecai3314
0:44 Loom
10:45 Feudal Age
15:43 Castle Age
Horny
7:02 Loom
9:50 Feudal Age
12:21 Double-Bit Axe
13:09 Forging
20:55 Castle Age
19:24 Stone Mining
19:59 Fletching
27:11 Bodkin Arrow
27:19 Padded Archer Armor
27:32 Bloodlines
30:41 Wheelbarrow
Connection lost

Rejoining the realm…

Still unreachable

The connection could not be restored.

Session expired

The server has moved on; the page needs a fresh start.